 Seeded DCSS version 0.29.0 (webtiles) character file.

Game seed: 1 (custom seed)

19708 Kazon the Fighter (level 12, -23/104 HPs)
             Began as a Demigod Fighter on Aug 24, 2022.
             Killed from afar by an orc sorcerer (42 damage)
             ... with a bolt of fire
             ... led by an orc knight
             ... on level 13 of the Dungeon.
             The game lasted 00:46:04 (8822 turns).

Kazon the Fighter (Demigod Fighter)                 Turns: 8822, Time: 00:46:06

Health: -23/104    AC: 19    Str: 24    XL:     12   Next: 11%
Magic:  6/6        EV:  9    Int: 14    God:
Gold:   711        SH: 13    Dex: 20    Spells: 11/11 levels left

rFire   . . .      SeeInvis .   q - +6 shillelagh "Devastator" {shatter}
rCold   + + +      Faith    .   c - +2 kite shield {rC+}
rNeg    . . .      Spirit   .   L - +2 chain mail {rC+}
rPois   +          Reflect  .   m - +0 helmet
rElec   +          Harm     .   (no cloak)
rCorr   +          Rampage  .   G - +1 pair of gloves of the Vaults {rElec rC+ rCorr MP-9}
Will    +....                   n - +2 pair of boots
Stlth   ..........              H - amulet of regeneration
HPRegen 1.07/turn               w - +4 ring of slaying
MPRegen 0.10/turn               J - ring of poison resistance

@: studying Maces & Flails
A: high MP 1, forlorn, divine attributes, talons 1, clever 1, evolution 1
a: no special abilities


You were on level 13 of the Dungeon.
You visited 1 branch of the dungeon, and saw 15 of its levels.

You collected 895 gold pieces.
You spent 184 gold pieces at shops.

Inventory:

Hand Weapons
 e - a +2 dagger of venom
 f - a +1 war axe of flaming
 q - the +6 shillelagh "Devastator" (weapon) {shatter}
   (You found it on level 6 of the Dungeon)

   It releases a powerful concussive burst when it strikes, dealing extra damage
   to the target and all other foes adjacent to them.
 s - the +3 falchion of Winter {venom, rCorr}
   (You bought it in a shop on level 3 of the Dungeon)

   It poisons the flesh of those it strikes.
   rCorr:     It protects you from acid and corrosion.
 v - a +1 demon whip of venom
Missiles
 b - 3 curare-tipped darts
 k - 24 poisoned darts
 l - 55 stones
 t - 2 throwing nets
 u - 7 boomerangs (quivered)
 D - 3 boomerangs of dispersal
Armour
 c - a +2 kite shield of cold resistance (worn)
 j - a +0 troll leather armour
 m - a +0 helmet (worn)
 n - a +2 pair of boots (worn)
 G - the +1 pair of gloves of the Vaults (worn) {rElec rC+ rCorr MP-9}
   (You acquired it on level 1 of the Dungeon)

   rC:        It protects you from cold.
   rElec:     It insulates you from electricity.
   MP:        It affects your magic capacity (-9).
   rCorr:     It protects you from acid and corrosion.
 L - a +2 chain mail of cold resistance (worn)
Jewellery
 w - a +4 ring of slaying (left hand)
 H - an amulet of regeneration (around neck)
 J - a ring of poison resistance (right hand)
 Q - a ring of positive energy
Wands
 A - a wand of mindburst (10)
 B - a wand of flame (13)
 O - a wand of paralysis (3)
Scrolls
 a - a scroll of enchant armour {unknown}
 i - 2 scrolls of identify
 p - 3 scrolls of immolation {unknown}
 r - a scroll of fog {unknown}
 x - 2 scrolls of vulnerability {unknown}
 y - 3 scrolls of blinking {unknown}
 I - a scroll of teleportation {unknown}
 M - 4 scrolls of enchant weapon {unknown}
 P - a scroll of brand weapon {unknown}
 R - a scroll of magic mapping {unknown}
 S - 2 scrolls of fear {unknown}
 T - a scroll of acquirement
Potions
 d - a potion of might
 g - a potion of haste
 h - a potion of flight
 o - a potion of berserk rage
 z - a potion of ambrosia
 C - a potion of curing
 F - a potion of mutation
 K - a potion of brilliance
 N - a potion of lignification


   Skills:
 * Level 9.3 Fighting
 + Level 7.8 Long Blades
 + Level 1.1(5.8) Axes
 + Level 9.2 Maces & Flails
 + Level 4.0 Throwing
 + Level 7.3 Armour
 + Level 5.0 Dodging
 + Level 1.5 Stealth
 + Level 5.7 Shields
 * Level 7.2 Evocations


You had 11 spell levels left.
You didn't know any spells.
Your spell library contained the following spells:

 Spells                   Type           Power      Damage    Failure   Level
 Apportation              Tloc           0%         N/A       99%         1
 Necrotise                Necr           0%         1d4       99%         1
 Sting                    Tmut/Pois      0%         1d3       99%         1
 Summon Small Mammal      Summ           0%         N/A       99%         1
 Ensorcelled Hibernation  Hex/Ice        0%         N/A       100%        2
 Poisonous Vapours        Pois/Air       0%         N/A       100%        2
 Ignite Poison            Fire/Tmut/Pois 0%         N/A       100%        3
 Mephitic Cloud           Conj/Pois/Air  0%         N/A       100%        3
 Spider Form              Tmut/Pois      0%         N/A       100%        3
 Anguish                  Hex/Necr       0%         N/A       100%        4
 Olgreb's Toxic Radiance  Pois           0%         N/A       100%        4
 Freezing Cloud           Conj/Ice/Air   0%         6-21      100%        5


Dungeon Overview and Level Annotations

Branches:
Dungeon (15/15)            Temple (0/1) D:7            Lair (0/5) D:10
    Orc: D:9-12      Vaults: D:13-14     Depths: D:15

Shops:
D:3 (   D:7 *   D:9 (

Portals:
Gauntlet: D:12

Annotations:
D:8 3 runed translucent doors, Gistrauq's ghost, novice DsBe; Maogaat's ghost, novice GnWr; Venter's ghost, novice MiFi; kuraido's ghost, novice NaTm; mrw3rdna's ghost, novice GrFE
D:9 3 runed translucent doors, Dillybarz's ghost, novice MiBe


Innate Abilities, Weirdness & Mutations

You have an increased reservoir of magic. (+10% MP)
You shall have no god before yourself.
Your divine heritage dramatically boosts your attributes as you level up.
You have sharp toenails.
Your mind is acute. (Int +4, Str/Dex -1)
You have hidden genetic potential.


Message History

You hear a shout!
The efreet hits you with a +0 scimitar of flaming!
* * * LOW HITPOINT WARNING * * *
The efreet burns you.
* * * LOW HITPOINT WARNING * * *
A human comes into view.
You hear a shout!
You feel much better. The efreet closely misses you.
You thump the efreet!
The orc knight shudders.
You feel a bit more experienced.
You kill the efreet!
A human comes into view.
You thump the orc knight!
The orc knight shudders.
The orc knight is severely wounded.
You feel a bit more experienced.
The orc knight is severely wounded.
You block the orc knight's attack.
The orc sorcerer casts a spell.
An orc comes into view. It is wielding a +0 club.
You barely miss the orc knight.
The orc knight is severely wounded.
The orc shouts!
You hit the orc knight.
The orc knight shudders.
The orc knight is almost dead. x2
The orc knight roars a battlecry!
The orcs go into a battle-frenzy!
An orc warrior comes into view. It is wielding a +2 halberd of venom.
An orc warrior comes into view. It is wielding a +0 war axe.
A human comes into view.
You sock the orc warrior!
The orc warrior, the orc and the orc knight shudder.
You kill the orc warrior!
You kill the orc!
You kill the orc knight!
Your Throwing skill increases to level 4!
A deep elf pyromancer comes into view. It is wielding a +0 long sword.
The smoke demon roars!
A cyclops comes into view.
The orc warrior hits you with a +0 war axe!
* * * LOW HITPOINT WARNING * * *
The orc sorcerer casts a spell at you. The bolt of fire hits you!!!
You die...

#..###.## #..o###......
#...#...# #....#....... #
....o...###...##........#
#$......##(....#........#
#........#..#..........#
............###.###....##
...<....##.###.3#.#....>#
#.##........{epo#........
## #.....C.p..po@).......
...##+''########......
....# ...##. .....# ..#
......# ### ....>.#


You could see a cyclops, a deep elf pyromancer, a smoke demon (summoned), 3
humans, an orc sorcerer (strong) and an orc warrior (strong).

Vanquished Creatures
  A hydra (D:12)
  A two-headed ogre (D:12)
  A centaur warrior (D:13)
  5 death yaks (D:10)
  A tengu warrior (D:14)
  Amaemon (D:10)
  A swamp dragon (shapeshifter) (D:14)
  An orc knight (D:13)
  A cyclops (D:14)
  2 orange demons
  3 unseen horrors
  3 gargoyles
  Maggie (D:7)
  An efreet (D:13)
  A hellwing (D:11)
  A red devil (D:11)
  4 trolls
  A troll (shapeshifter) (D:14)
  A hornet (D:10)
  A hornet (shapeshifter) (D:13)
  A slime creature (D:8)
  A water elemental (D:14)
  A shadow (D:11)
  A vampire (D:10)
  2 wraiths (D:11)
  Eustachio (D:4)
  5 yaks (D:8)
  A steam dragon (D:9)
  3 vampire mosquitoes
  A warg (D:13)
  Duvessa (D:5)
  2 water moccasins
  5 orc warriors
  A black bear (shapeshifter) (D:15)
  3 ice beasts
  3 black bears
  6 ogres
  2 centaurs (D:8)
  2 phantoms
  2 kobold brigands
  7 bullfrogs
  2 necrophages (D:5)
  5 scorpions
  A gnoll sergeant (D:10)
  5 wights (D:7)
  Dowan (D:5)
  12 killer bees
  3 howler monkeys
  5 quasits (D:11)
  8 hounds
  A jelly (D:6)
  A gnoll bouda (D:8)
  6 orc priests
  4 iguanas
  12 orc wizards
  Natasha (thrice) (D:4)
  15 gnolls
  2 adders (D:2)
  An ufetubus (D:4)
  2 worms
  3 dart slugs
  58 orcs
  7 endoplasms
  A giant cockroach (D:1)
  8 goblins
  12 hobgoblins
  7 jackals
  19 kobolds
  4 quokkas
  5 ball pythons
  2 bats
  4 frilled lizards
  5 rats
307 creatures vanquished.

Vanquished Creatures (others)
  3 demonic plants (D:11)
3 creatures vanquished.

Grand Total: 310 creatures vanquished

Notes
Turn   | Place    | Note
-------+----------+-------------------------------------------
     0 | D:1      | Kazon the Demigod Fighter began the quest for the Orb.
     0 | D:1      | Reached XP level 1. HP: 18/18 MP: 3/3
    35 | D:1      | Identified a scroll of acquirement
    35 | D:1      | Acquired the +1 pair of gloves of the Vaults {rElec rC+
                  | rCorr MP-9}
   281 | D:1      | Reached XP level 2. HP: 26/26 MP: 0/4
   817 | D:3      | Found Umat's Antique Weapon Boutique.
  1101 | D:2      | Reached XP level 3. HP: 29/31 MP: 0/5
  1437 | D:2      | Reached XP level 4. HP: 38/38 MP: 0/6
  1596 | D:3      | Bought a crude falchion for 184 gold pieces
  1596 | D:3      | Identified the +3 falchion of Winter {venom, rCorr} (You
                  | bought it in a shop on level 3 of the Dungeon)
  1992 | D:4      | Noticed an ogre
  1998 | D:4      | Noticed Natasha
  2008 | D:4      | Reached skill level 1 in Throwing
  2015 | D:4      | Killed an ogre
  2016 | D:4      | Reached XP level 5. HP: 6/46 MP: 0/7
  2064 | D:4      | Killed Natasha
  2143 | D:4      | Reached XP level 6. HP: 52/52 MP: 0/8
  2220 | D:4      | Noticed Natasha
  2226 | D:4      | Killed Natasha
  2483 | D:4      | Reached skill level 1 in Dodging
  2493 | D:4      | Reached XP level 7. HP: 30/60 MP: 0/9
  2546 | D:4      | Reached skill level 5 in Long Blades
  2752 | D:4      | Noticed Eustachio
  2766 | D:4      | Killed Eustachio
  2997 | D:4      | Noticed Natasha
  3004 | D:4      | Killed Natasha
  3070 | D:5      | Entered Level 5 of the Dungeon
  3244 | D:5      | Reached skill level 1 in Evocations
  3280 | D:5      | Reached skill level 5 in Fighting
  3280 | D:5      | Reached XP level 8. HP: 68/68 MP: 1/10
  3538 | D:5      | Noticed Duvessa
  3538 | D:5      | Noticed Dowan
  3554 | D:5      | Killed Duvessa
  3558 | D:5      | Killed Dowan
  4028 | D:6      | Reached XP level 9. HP: 53/75 MP: 2/11
  4050 | D:6      | Found the +6 shillelagh "Devastator" {shatter}
  4428 | D:7      | Reached skill level 5 in Armour
  4480 | D:7      | Reached skill level 1 in Maces & Flails
  4586 | D:7      | Found Binerhev's Lightly-Used Armoury.
  4633 | D:7      | Noticed Maggie
  4640 | D:7      | Killed Maggie
  4956 | D:7      | Found a staircase to the Ecumenical Temple.
  5398 | D:8      | Reached XP level 10. HP: 81/86 MP: 4/13
  5408 | D:8      | Found a runed translucent gate.
  5408 | D:8      | Found a runed translucent gate.
  5408 | D:8      | Found a runed translucent gate.
  5616 | D:8      | Reached skill level 1 in Stealth
  5619 | D:8      | Reached skill level 5 in Evocations
  5629 | D:8      | Identified the +6 great sword of the Gloaming {distort, rC+
                  | Will+ Dex+4}
  5960 | D:8      | Reached skill level 5 in Maces & Flails
  6154 | D:8      | Noticed mrw3rdna's ghost (novice GrFE)
  6154 | D:8      | Noticed Venter's ghost (novice MiFi)
  6155 | D:8      | Noticed kuraido's ghost (novice NaTm)
  6155 | D:8      | Noticed Gistrauq's ghost (novice DsBe)
  6155 | D:8      | Noticed Maogaat's ghost (novice GnWr)
  6358 | D:9      | Reached skill level 5 in Shields
  6487 | D:9      | Found a runed translucent gate.
  6488 | D:9      | Found a runed translucent gate.
  6489 | D:9      | Found a runed translucent gate.
  6581 | D:9      | Noticed Dillybarz's ghost (novice MiBe)
  6645 | D:9      | Found Sudgh's Antique Weapon Shop.
  6749 | D:10     | Entered Level 10 of the Dungeon
  6794 | D:10     | Noticed a death yak
  6794 | D:10     | Noticed a death yak
  6928 | D:10     | Killed a death yak
  7120 | D:10     | Found a staircase to the Lair.
  7193 | D:10     | Noticed Amaemon
  7198 | D:10     | Reached XP level 11. HP: 93/94 MP: 5/14
  7200 | D:10     | Killed Amaemon
  7316 | D:10     | Noticed a death yak
  7317 | D:10     | Noticed a death yak
  7347 | D:10     | Killed a death yak
  7347 | D:10     | Noticed a death yak
  7351 | D:10     | Killed a death yak
  7352 | D:10     | Killed a death yak
  7358 | D:10     | Killed a death yak
  8337 | D:12     | Noticed a two-headed ogre
  8345 | D:12     | Killed a two-headed ogre
  8365 | D:12     | Noticed a four-headed hydra
  8373 | D:12     | Reached skill level 1 in Axes
  8376 | D:12     | Killed a four-headed hydra
  8377 | D:12     | Reached skill level 5 in Dodging
  8459 | D:12     | Found a gate leading to a gauntlet.
  8497 | D:12     | Gained mutation: Your mind is acute. (Int +4, Str/Dex -1)
                  | [potion of mutation]
  8497 | D:12     | Gained mutation: You have hidden genetic potential. [potion
                  | of mutation]
  8497 | D:12     | Gained mutation: You have sharp toenails. [potion of
                  | mutation]
  8500 | D:12     | You fall into a shaft and drop 3 floors!
  8500 | D:15     | Entered Level 15 of the Dungeon
  8663 | D:14     | Noticed a tengu warrior
  8704 | D:14     | Killed a tengu warrior
  8752 | D:14     | Noticed a swamp dragon
  8762 | D:14     | Killed a swamp dragon
  8763 | D:14     | Reached XP level 12. HP: 93/104 MP: 6/15
  8778 | D:13     | Noticed a centaur warrior
  8809 | D:13     | Killed a centaur warrior
  8812 | D:13     | HP: 3/104 [efreet/fireball (25)]
  8815 | D:13     | HP: 1/104 [efreet/+0 scimitar of flaming (4)]
  8822 | D:13     | Killed from afar by an orc sorcerer

Illustrated notes

Levels and vault maps discovered:
D:1:      dpeg_arrival_three_smaller_balls, layout_basic
D:2:      layout_loops_ring
D:3:      layout_basic, serial_shops, nicolae_shop_stone, st_stairs_7
D:4:      minmay_razor_zed, layout_basic, worldfamousw_hep_ancestral_shrine,
          uniq_eustachio, uniq_natasha
D:5:      layout_basic, uniq_duvessa
D:6:      layout_rooms, dilly_guarded_unrand_devastator
D:7:      layout_basic, nicolae_uskayaw_dance_hall,
          mainiacjoe_overflow_six_doors_small,
          minmay_temple_entry_drinking_statues, serial_rivers,
          chequers_serial_rivers_micro_b, chequers_serial_rivers_small_a,
          chequers_serial_rivers_small_a, chequers_serial_rivers_large_a,
          chequers_serial_rivers_micro_a, minmay_shop_damaged, uniq_maggie
D:8:      minmay_tri_box, layout_loops_ring, gammafunk_ghost_cemetery,
          minmay_manual_mares
D:9:      layout_gridville, serial_shops, nicolae_take_the_stairs,
          gammafunk_ghost_ooze, minivault_11
D:10:     layout_roguey, dpeg_lair_monsters, uniq_amaemon
D:11:     layout_cave_pods, serial_demonic, serial_demonic_e, serial_demonic_f,
          serial_demonic_c, serial_demonic_f
D:12:     layout_roguey, david_orc_2, gauntlet_entry_generic,
          gammafunk_ghost_wrathful_warriors
D:13:     layout_cave_pools, grunt_vaults_entry_tiered, amcnicky_mini_pool_small
D:14:     layout_basic, lightli_airlock
D:15:     grunt_enter_depths_magical_seal, layout_loops_cross, bloody_makhleb,
          maelrawn_ghost_gauntlet_escape, minmay_misc_feat_chi

Skill      XL: |  1  2  3  4  5  6  7  8  9 10 11 12 |
---------------+-------------------------------------+-----
Fighting       | 3 4 5 7 8 9 |  9.3
Armour         | 3 4 5 7 |  7.3
Shields        | 3 4 5 |  5.7
Long Blades    | 2 3 4 5 6 7 |  7.8
Throwing       | 1 2 3 4 |  4.0
Dodging        | 1 2 3 4 5 |  5.0
Evocations     | 1 3 4 5 7 |  7.2
Maces & Flails | 2 6 9 |  9.2
Stealth        | 1 |  1.5
Axes           | 1 |  1.1

Action                   |  1- 3 |  4- 6 |  7- 9 | 10-12 || total
-------------------------+-------+-------+-------+-------++-------
Melee: Long sword        |   132 |    20 |       |       ||   152
       Falchion          |       |   110 |   274 |    14 ||   398
       Shillelagh        |       |       |    71 |   266 ||   337
       War axe           |       |       |       |    15 ||    15
Throw: Stone             |     4 |     2 |    10 |    25 ||    41
       Dart              |       |       |    11 |     2 ||    13
       Boomerang         |       |       |       |    11 ||    11
Evoke: Wand              |       |       |       |     2 ||     2
  Use: Scroll            |     1 |       |     5 |     2 ||     8
       Potion            |       |       |     3 |     4 ||     7
 Stab: Sleeping          |       |       |       |     1 ||     1
Armor: Scale mail        |    73 |    72 |   124 |       ||   269
       Troll leather arm |       |       |     9 |    53 ||    62
       Chain mail        |       |       |       |   116 ||   116
Dodge: Dodged            |    68 |    59 |   125 |   180 ||   432
Block: Buckler           |    27 |    26 |    75 |    83 ||   211
       Kite shield       |       |       |       |    17 ||    17
